AoeStats
← 150490644@

Arabia

509448620Analyzed
3v3 RM · 5d ago on Sep 26, 2026· 22m 44s· 6 players
Game mode
Random Map
Map size
Normal (6 player)
Population
200
Speed
Normal
Resources
Standard
Victory
Conquest
Starting age
Dark Age
Ending age
Imperial Age
RankedLock teamsTeams togetherTeam positionsShared explorationLock speedFull tech treeHidden civsTurbo modeCheats
Victory
Defeat
🇷🇺 Japanese · Russia
1246
+14
🇨🇳 Varangians · China
1205
+16
🇪🇸 Maya · Spain
1180
+17
🇨🇳 Khmer · China
1277
-20
🇮🇹 Varangians · Italy
1244
-17
🇮🇹 Varangians · Italy
1067
-10
La Hire
8:13 Loom
10:22 Feudal Age
10:54 Horse Collar
16:31 Castle Age
16:27 Double-Bit Axe
16:55 Scale Barding Armor
17:08 Bloodlines
18:50 Bow Saw
boomer2000
6:19 Loom
15:52 Feudal Age
20:12 Castle Age
19:50 Double-Bit Axe
22:23 Bow Saw
Petit_Pois
0:32 Loom
9:19 Feudal Age
9:56 Double-Bit Axe
13:40 Fletching
22:36 Castle Age
21:30 Gold Mining
22:27 Horse Collar
22:40 Crossbowman
23:16 Bodkin Arrow
FRANCO1
2:08 Loom
10:21 Feudal Age
11:12 Double-Bit Axe
11:09 Horse Collar
12:14 Bloodlines
19:21 Gold Mining
20:10 Forging
20:06 Scale Barding Armor
23:14 Castle Age
150490644@
6:44 Loom
9:10 Feudal Age
9:46 Double-Bit Axe
22:58 Wheelbarrow
青田野狼ale
6:40 Loom
9:48 Feudal Age
9:54 Man-at-Arms
11:03 Arson
14:52 Scale Mail Armor
15:37 Forging
15:55 Town Watch
17:34 Wheelbarrow
17:24 Double-Bit Axe
22:59 Castle Age
21:29 Gold Mining
Connection lost

Rejoining the realm…

Still unreachable

The connection could not be restored.

Session expired

The server has moved on; the page needs a fresh start.